 Dungeon Crawl Stone Soup version 0.21.1-1-g345015f (webtiles) character file.

36339 toffzen the Martial Artist (level 13, -20/70 HPs)
             Began as a Vine Stalker Transmuter on May 22, 2018.
             Was a High Priest of Okawaru.
             Shot with an arrow by Nessos (22 damage)
             ... on level 6 of the Lair of Beasts on May 24, 2018.
             The game lasted 01:47:16 (18665 turns).

toffzen the Martial Artist (VSTm)                  Turns: 18665, Time: 01:47:17

Health: -20/70     AC:  8    Str: 12    XL:     13   Next: 89%
Magic:  0/18       EV: 17    Int: 20    God:    Okawaru [*****.]
Gold:   956        SH:  0    Dex: 17    Spells: 3/18 levels left

rFire    . . .     SeeInvis .     - Unarmed
rCold    . . .     Gourm    .   (no shield)
rNeg     . . .     Faith    .   y - +0 leather armour {MR+}
rPois    +         Spirit   +   J - +2 hat {Int+3}
rElec    .         Reflect  .   A - +1 cloak {MR+}
rCorr    .         Harm     .   (no gloves)
MR       +++..                  v - +0 pair of boots
Stlth    ++++......             b - amulet of regeneration
HPRegen  1.41/turn              j - ring of poison resistance
MPRegen  0.16/turn              U - ring of stealth

@: about to teleport
A: fangs 3, regeneration 2, magic shield, antimagic bite, no potion heal 3, rot
immunity
a: Heroism, Finesse, Renounce Religion


You were on level 6 of the Lair of Beasts.
You worshipped Okawaru.
Okawaru was extremely pleased with you.
You were not hungry.

You visited 3 branches of the dungeon, and saw 17 of its levels.

You collected 956 gold pieces.

Inventory:

Hand Weapons
 a - the +0 hunting sling "Tormentor" {flame, -Tele rF++ SInv Stlth+}
   (You found it on level 5 of the Dungeon)

   It causes projectiles fired from it to burn those they strike, causing extra
   injury to most foes and up to half again as much damage against particularly
   susceptible opponents.
   It greatly protects you from fire.
   It lets you see invisible.
   It prevents most forms of teleportation.
   It makes you more stealthy.
 M - a +0 hunting sling
Missiles
 o - 409 stones (quivered)
 w - 3 needles of sleeping
 x - 176 arrows
Armour
 v - a +0 pair of boots (worn)
 y - a +0 leather armour of magic resistance (worn)
 A - a +1 cloak of magic resistance (worn)
 C - a +2 cloak
 J - a +2 hat of intelligence (worn)
 N - a scarf of cloud immunity
 W - a +0 buckler of fire resistance
Jewellery
 b - an amulet of regeneration (around neck)
 j - a ring of poison resistance (left hand)
 D - an uncursed amulet of magic regeneration
 U - a ring of stealth (right hand)
Wands
 i - a wand of disintegration (3)
 z - a wand of flame (27)
 G - a wand of enslavement (13)
 P - a wand of scattershot (5)
Scrolls
 f - 7 scrolls of remove curse
 k - 9 scrolls of enchant weapon
 l - 6 scrolls of teleportation
 m - 2 scrolls of amnesia
 t - 2 scrolls of random uselessness {unknown}
 u - 6 scrolls of magic mapping {unknown}
 E - a scroll of torment {unknown}
 F - a scroll of blinking {unknown}
 I - 3 scrolls of holy word
 K - a scroll of enchant armour {unknown}
 O - a scroll of summoning {unknown}
 Q - a scroll of noise {unknown}
 S - 2 scrolls of fear {unknown}
 T - a scroll of fog {unknown}
Potions
 e - 3 potions of degeneration
 g - 2 potions of magic
 n - 2 potions of brilliance
 p - 8 potions of curing
 q - 2 potions of might
 r - 5 potions of lignification
 s - 3 potions of flight
 B - 2 potions of haste
 R - a potion of agility
Books
 c - a book of Changes

   Spells                             Type                      Level
   a - Beastly Appendage              Transmutation                1
   b - Sticks to Snakes               Transmutation                2
   c - Spider Form                    Transmutation/Poison         3
   d - Ice Form                       Ice/Transmutation            4
   e - Blade Hands                    Transmutation                5
 h - a book of Misfortune

   Spells                             Type                      Level
   a - Confusing Touch                Hexes                        1
   b - Confuse                        Hexes                        3
   c - Gell's Gravitas                Translocation                3
   d - Petrify                        Transmutation/Earth          4
   e - Metabolic Englaciation         Hexes/Ice                    5
   f - Yara's Violent Unravelling     Hexes/Transmutation          5
 H - a book of Ice

   Spells                             Type                      Level
   a - Ice Form                       Ice/Transmutation            4
   b - Metabolic Englaciation         Hexes/Ice                    5
   c - Ozocubu's Refrigeration        Ice                          6
   d - Bolt of Cold                   Conjuration/Ice              6
   e - Freezing Cloud                 Conjuration/Ice/Air          6
   f - Simulacrum                     Ice/Necromancy               6
 L - a book of Transfigurations

   Spells                             Type                      Level
   a - Irradiate                      Conjuration/Transmutation    5
   b - Statue Form                    Transmutation/Earth          6
   c - Hydra Form                     Transmutation                6
   d - Dragon Form                    Transmutation                7
Comestibles
 d - 34 rations
 V - 25 chunks of flesh


   Skills:
 + Level 9.0 Fighting
 + Level 7.7 Dodging
 - Level 4.3 Stealth
 * Level 13.7 Unarmed Combat
 - Level 3.0 Spellcasting
 + Level 10.9 Transmutations
 - Level 4.5 Ice Magic
 + Level 6.4 Invocations


You had 3 spell levels left.
You knew the following spells:

 Your Spells              Type           Power        Failure   Level  Hunger
a - Beastly Appendage     Tmut           #####.       1%          1    None
b - Sticks to Snakes      Tmut           #####...     1%          2    ##.....
c - Spider Form           Tmut/Pois      ###.......   5%          3    ###....
d - Blade Hands           Tmut           #####.....   5%          5    ######.
e - Ice Form              Ice/Tmut       ####....     8%          4    ####...


Dungeon Overview and Level Annotations

Branches:
Dungeon (10/15)            Temple (1/1) D:4            Lair (6/6) D:8
  Swamp (0/4) Lair:4        Snake (0/4) Lair:4        Slime (0/5) Lair:5
    Orc: D:9-12

Altars:
Ashenzari
Cheibriados
Dithmenos
Elyvilon
Fedhas
Gozag
Hepliaklqana
Kikubaaqudgha
Makhleb
Nemelex Xobeh
Okawaru
Qazlal
Ru
Sif Muna
Trog
Uskayaw
Vehumet
Wu Jian
Xom
Yredelemnul
Zin
The Shining One
Jiyva

Annotations:
Lair:6 Nessos


Innate Abilities, Weirdness & Mutations

You have razor-sharp teeth.
You heal very quickly.
When hurt, damage is shared between your health and your magic reserves.
Your bite disrupts and absorbs the magic of your enemies.
Potions cannot restore your health.
You are immune to rotting.


Message History

The arrow burns you.
* * * LOW HITPOINT WARNING * * *
The bullfrog hits your adder.
Your adder misses the bullfrog.
Nessos shoots an arrow.
The arrow hits you!!
* * * LOW HITPOINT WARNING * * *
The arrow burns you.
You are lethally poisoned!
* * * LOW HITPOINT WARNING * * *
The bullfrog closely misses your adder.
You swap places.
* * * LOW HITPOINT WARNING * * *
You feel very sick.
Nessos blinks!
Your adder closely misses the bullfrog.
Nessos shoots an arrow.
The arrow hits your adder! The arrow burns your adder.
Your adder is poisoned.
Your adder dies!
The bullfrog closely misses your adder.
Your system rejects the healing.
You feel better.
Nessos shoots an arrow.
The arrow hits you!!
You die...

≈≈.≈≈≈...P..P.....(#
≈≈≈≈≈≈....##F.....##
≈≈≈≈≈≈...####S.(...#
≈≈≈≈≈....# #.S..c### ....
.........# ##..(.## #......
.#.......# ##.....# P......
#..#.....# #......# .....##
####.....###.....(# ......#
# ......##P÷..@.##......#
## ##............##.......#
P# #P.....##.......#P....#
####.....###......#......#
###.#.....#.#....###......#
...#......##.....## #....##
P†P#........P......# ..?.#
..†.................. .....
..................... .....


You could see Nessos, a bullfrog and 2 friendly adders.

Vanquished Creatures
  Snorg (Lair:4)
  4 hydras
  3 two-headed ogres
  Nergalle (D:10)
  The ghost of w0lly the Skirmisher, a novice OgBe of Trog (D:5)
  2 unseen horrors (D:10)
  Pikel (D:8)
  An ugly thing (D:9)
  6 elephants
  3 black mambas
  A gargoyle (D:10)
  16 spiny frogs
  4 rime drakes
  8 komodo dragons
  3 polar bears
  A tyrant leech (Lair:6)
  19 blink frogs
  2 dream sheep (D:8)
  4 hippogriffs
  2 spriggans
  Sigmund (D:3)
  10 yaks
  A basilisk (Lair:3)
  2 wyverns
  A hungry ghost (D:7)
  4 vampire mosquitoes (Lair:6)
  3 nagas (Lair:4)
  3 swamp worms (Lair:4)
  A soldier ant (D:10)
  8 water moccasins
  11 porcupines
  2 slaves (D:8)
  An orc warrior (D:9)
  A black bear (Lair:3)
  6 ice beasts
  4 ogres
  8 wolves (Lair:3)
  4 centaurs
  13 crocodiles
  The ghost of cultivahabas the Sneak, an amateur OpWz of Okawaru (D:6)
  2 big kobolds (D:8)
  17 bullfrogs
  A wyvern skeleton (D:9)
  A scorpion (D:4)
  8 killer bees (D:9)
  2 electric eels
  5 howler monkeys
  A centaur zombie (D:5)
  3 crimson imps
  A bullfrog zombie (D:8)
  4 hounds
  A lava snake (D:9)
  3 jellies
  5 orc priests
  2 bullfrog skeletons
  Terence (D:2)
  5 iguanas
  6 orc wizards
  6 worker ants
  2 worker ant zombies
  5 adders
  5 gnolls (D:6)
  An ooze (D:1)
  An adder skeleton (D:4)
  2 adder zombies
  5 worms
  10 leopard geckos
  24 orcs
  3 ball pythons
  4 giant cockroaches
  16 goblins
  8 hobgoblins
  8 jackals
  7 kobolds
  3 quokkas
  4 bats
  9 frilled lizards
  A leopard gecko skeleton (D:4)
  A leopard gecko zombie (D:6)
  A quokka zombie (D:7)
  10 rats
  A plant (Lair:6)
373 creatures vanquished.

Vanquished Creatures (collateral kills)
  A hydra (Lair:4)
  A spiny frog (Lair:1)
  A troll (D:10)
  2 yaks (D:8)
  A big kobold (D:8)
  An adder (D:10)
  A dart slug (D:4)
  2 orcs (D:10)
10 creatures vanquished.

Vanquished Creatures (others)
  4 elephants (Lair:5)
  5 dream sheep (Lair:5)
  A bush (Lair:6)
  23 fungi
  51 plants
84 creatures vanquished.

Grand Total: 467 creatures vanquished

Notes
Turn   | Place    | Note
-------+----------+-------------------------------------------
     0 | D:1      | toffzen the Vine Stalker Transmuter began the quest for the Orb.
     0 | D:1      | Reached XP level 1. HP: 9/9 MP: 4/4
   173 | D:1      | Reached skill level 1 in Fighting
   305 | D:1      | Reached XP level 2. HP: 6/14 MP: 6/6
  1309 | D:2      | Noticed Terence
  1321 | D:2      | Killed Terence
  1321 | D:2      | Reached skill level 4 in Unarmed Combat
  1321 | D:2      | Reached XP level 3. HP: 1/18 MP: 1/7
  1862 | D:2      | Gained mutation: Your natural rate of healing is unusually fast. [Vine Stalker growth]
  1862 | D:2      | Reached XP level 4. HP: 23/23 MP: 8/8
  1981 | D:2      | Learned a level 2 spell: Sticks to Snakes
  2229 | D:2      | Learned a level 3 spell: Spider Form
  2815 | D:2      | Found a stormy altar of Qazlal.
  3121 | D:3      | Reached XP level 5. HP: 23/27 MP: 6/9
  3262 | D:3      | Noticed an ogre
  3304 | D:3      | Killed an ogre
  3304 | D:3      | Reached skill level 5 in Unarmed Combat
  3438 | D:3      | Found a shattered altar of Ashenzari.
  3442 | D:3      | Saw a vision of the Swamp and the Snake Pit.
  3442 | D:3      | Noticed a black mamba
  3442 | D:3      | Noticed a black mamba
  3442 | D:3      | Noticed a naga mage
  3442 | D:3      | Noticed a naga ritualist
  3442 | D:3      | Noticed a black mamba
  3442 | D:3      | Noticed a black mamba
  3442 | D:3      | Noticed a black mamba
  3443 | D:3      | Noticed a naga mage
  3445 | D:3      | Noticed a naga warrior
  3715 | D:3      | Noticed Sigmund
  3726 | D:3      | Killed Sigmund
  3726 | D:3      | Reached skill level 6 in Unarmed Combat
  3726 | D:3      | Reached XP level 6. HP: 15/32 MP: 5/10
  3981 | D:3      | Reached XP level 7. HP: 30/36 MP: 6/11
  4057 | D:4      | Found a staircase to the Ecumenical Temple.
  4079 | Temple   | Entered the Ecumenical Temple
  4572 | D:4      | Reached skill level 7 in Unarmed Combat
  4574 | D:4      | Gained mutation: You have razor-sharp teeth. [Vine Stalker growth]
  4574 | D:4      | Reached XP level 8. HP: 42/42 MP: 12/12
  4717 | D:5      | Entered Level 5 of the Dungeon
  4719 | D:5      | Got an iridescent hunting sling
  4829 | D:5      | Found a shadowy altar of Dithmenos.
  4833 | D:5      | Noticed w0lly's ghost (novice OgBe)
  4963 | D:5      | Killed w0lly's ghost
  4963 | D:5      | Reached skill level 8 in Unarmed Combat
  5063 | D:5      | Identified the cursed +0 hunting sling "Tormentor" {flame, -Tele rF++ SInv Stlth+} (You found it on level 5 of the Dungeon)
  5328 | D:5      | Reached XP level 9. HP: 44/46 MP: 10/13
  5483 | D:5      | Reached skill level 5 in Fighting
  5505 | D:5      | Reached skill level 5 in Transmutations
  5912 | D:6      | Noticed cultivahabas's ghost (amateur OpWz)
  5923 | D:6      | Killed cultivahabas's ghost
  6482 | D:6      | Found an iron altar of Okawaru.
  6490 | D:6      | Became a worshipper of Warmaster Okawaru
  6759 | D:7      | Reached skill level 9 in Unarmed Combat
  6802 | D:7      | Found a radiant altar of Vehumet.
  6904 | D:7      | Reached skill level 1 in Invocations
  7989 | D:8      | Reached * piety under Okawaru
  8018 | D:8      | Reached XP level 10. HP: 50/53 MP: 4/14
  8126 | D:8      | Noticed a two-headed hydra
  8144 | D:8      | Killed a two-headed hydra
  8144 | D:8      | Reached ** piety under Okawaru
  8144 | D:8      | Reached skill level 10 in Unarmed Combat
  8241 | D:8      | Learned a level 5 spell: Blade Hands
  8345 | D:8      | Noticed Pikel
  8551 | D:8      | Killed Pikel
  8725 | D:8      | Found a staircase to the Lair.
  8733 | D:8      | Reached skill level 5 in Dodging
  9327 | D:9      | Found a sacrificial altar of Ru.
  9336 | D:9      | Noticed a two-headed ogre
  9349 | D:9      | Killed a two-headed ogre
  9349 | D:9      | Reached *** piety under Okawaru
  9579 | D:9      | Noticed a cyan ugly thing
  9590 | D:9      | Killed a cyan ugly thing
  9763 | D:9      | Reached XP level 11. HP: 58/58 MP: 13/15
  9934 | D:9      | Found a bloodstained altar of Trog.
 10120 | D:9      | Reached **** piety under Okawaru
 10229 | D:9      | Reached skill level 11 in Unarmed Combat
 10304 | D:9      | Found a basalt altar of Yredelemnul.
 10305 | D:9      | Found a glowing silver altar of Zin.
 10333 | D:9      | Found a glowing golden altar of the Shining One.
 10335 | D:9      | Found a burning altar of Makhleb.
 10335 | D:9      | Found a radiant altar of Vehumet.
 10335 | D:9      | Found an iron altar of Okawaru.
 10335 | D:9      | Found a hazy altar of Hepliaklqana.
 10336 | D:9      | Found a white marble altar of Elyvilon.
 10337 | D:9      | Found a snail-covered altar of Cheibriados.
 10339 | D:9      | Found an ancient bone altar of Kikubaaqudgha.
 10340 | D:9      | Found a bloodstained altar of Trog.
 10412 | D:10     | Entered Level 10 of the Dungeon
 10720 | D:10     | Noticed an unseen horror
 10889 | D:10     | Noticed Nergalle
 10901 | D:10     | Noticed a spectral orc warlord
 10954 | D:10     | Killed Nergalle
 11284 | D:10     | Noticed a two-headed ogre
 11306 | D:10     | Killed a two-headed ogre
 11463 | D:10     | Noticed an unseen horror
 11465 | D:10     | Killed an unseen horror
 11499 | D:10     | Killed an unseen horror
 11499 | D:10     | Reached ***** piety under Okawaru
 11619 | D:10     | Noticed a two-headed ogre
 11630 | D:10     | Killed a two-headed ogre
 11630 | D:10     | Received a gift from Okawaru
 11630 | D:10     | Reached skill level 5 in Invocations
 11984 | Lair:1   | Entered Level 1 of the Lair of Beasts
 11989 | Lair:1   | Noticed a four-headed hydra
 11999 | Lair:1   | Killed a four-headed hydra
 12251 | Lair:1   | Learned a level 4 spell: Ice Form
 12421 | Lair:1   | Reached skill level 1 in Ice Magic
 12931 | Lair:2   | Gained mutation: You heal very quickly. [Vine Stalker growth]
 12931 | Lair:2   | Reached XP level 12. HP: 63/63 MP: 17/17
 13532 | Lair:2   | Reached skill level 12 in Unarmed Combat
 14623 | Lair:3   | Received a gift from Okawaru
 14881 | Lair:3   | Noticed a six-headed hydra
 14893 | Lair:3   | Killed a six-headed hydra
 14893 | Lair:3   | Reached skill level 10 in Transmutations
 15437 | Lair:3   | Reached skill level 1 in Stealth
 16002 | Lair:4   | Noticed Snorg
 16013 | Lair:4   | Killed Snorg
 16013 | Lair:4   | Reached XP level 13. HP: 36/68 MP: 9/18
 16439 | Lair:4   | Found a staircase to the Snake Pit.
 16481 | Lair:4   | Found a staircase to the Swamp.
 16886 | Lair:5   | Reached skill level 13 in Unarmed Combat
 17404 | Lair:5   | Found a viscous altar of Jiyva.
 17404 | Lair:5   | Found a staircase to the Slime Pits.
 17616 | Lair:5   | Found a shimmering altar of Xom.
 17898 | Lair:6   | Entered Level 6 of the Lair of Beasts
 18073 | Lair:6   | Received a gift from Okawaru
 18654 | Lair:6   | Noticed Nessos
 18663 | Lair:6   | HP: 3/70 [Nessos/arrow (18)]
 18664 | Lair:6   | HP: 1/70 [poisoned by Nessos]
 18665 | Lair:6   | Shot with an arrow by Nessos

Skill      XL: |  1  2  3  4  5  6  7  8  9 10 11 12 13 |
---------------+----------------------------------------+-----
Fighting       | 1 2 3 4 5 6 7 8 9 |  9.0
Unarmed Combat | 4 6 7 8 9 10 11 12 13 | 13.7
Transmutations | 3 4 5 7 10 | 10.9
Dodging        | 2 3 4 5 6 7 |  7.7
Invocations    | 2 4 5 6 |  6.4
Spellcasting   | 3 |  3.0
Ice Magic      | 3 4 |  4.5
Stealth        | 2 4 |  4.3

Action                   |  1- 3 |  4- 6 |  7- 9 | 10-12 | 13-15 || total
-------------------------+-------+-------+-------+-------+-------++-------
Melee: Unarmed           |    90 |   136 |   280 |   522 |   248 ||  1276
       Bite              |    17 |    24 |    43 |    46 |    44 ||   174
       Punch             |     3 |     2 |     6 |    11 |    22 ||    44
       Kick              |     3 |     3 |       |       |       ||     6
       Headbutt          |       |     7 |    23 |       |       ||    30
 Fire: Hunting sling     |       |       |    34 |     8 |       ||    42
Throw: Stone             |       |     2 |     1 |       |     4 ||     7
 Cast: Beastly Appendage |     3 |    13 |    14 |       |       ||    30
       Sticks to Snakes  |       |     3 |    22 |    33 |    11 ||    69
       Spider Form       |       |       |    23 |    46 |     5 ||    74
       Blade Hands       |       |       |       |     9 |    29 ||    38
       Ice Form          |       |       |       |     4 |       ||     4
Invok: Heroism           |       |       |       |    24 |     9 ||    33
 Abil: End Transformatio |       |       |       |     1 |     4 ||     5
Evoke: Wand              |       |     5 |       |     3 |     6 ||    14
  Use: Scroll            |       |     7 |     8 |     7 |     3 ||    25
       Potion            |       |       |     2 |       |     1 ||     3
 Stab: Distracted        |       |     1 |     3 |     7 |       ||    11
       Sleeping          |       |       |     3 |     1 |       ||     4
  Eat: Chunk             |     3 |     2 |     4 |    10 |    13 ||    32
       Ration            |       |     2 |     4 |     8 |     2 ||    16
Armor: Robe              |    10 |       |     3 |       |       ||    13
       Leather armour    |     9 |    22 |    23 |    41 |    24 ||   119
       Skin              |       |       |     1 |    13 |       ||    14
Dodge: Dodged            |    50 |    72 |   157 |   488 |   202 ||   969
